 Dungeon Crawl Stone Soup version 0.30-a0-883-g5ad918d77d (webtiles) character file.

Game seed: 16213742464051101483

514 jasper the Chopper (level 7, -8/50 HPs)
             Began as a Demonspawn Gladiator on Mar 16, 2023.
             Was a Follower of Okawaru.
             Mangled by Duvessa
             ... wielding a +5 vampiric rapier
              (14 damage)
             ... on level 4 of the Dungeon.
             The game lasted 00:05:52 (3228 turns).

jasper the Chopper (Demonspawn Gladiator)           Turns: 3228, Time: 00:05:52

Health: -8/50      AC: 11    Str: 16    XL:     7   Next: 0%
Magic:  8/9        EV: 12    Int: 10    God:    Okawaru [*.....]
Gold:   157        SH:  4    Dex: 14    Spells: 6/6 levels left

rFire   . . .      SeeInvis .    a - +1 war axe (flame)
rCold   . . .      Faith    .    (no shield)
rNeg    . . .      Spirit   .    f - +0 scale mail
rPois   .          Reflect  .    c - +1 helmet
rElec   .          Rampage  .    (no cloak)
rCorr   .                        (no gloves)
Will    .....                    (no boots)
Stlth   ++                       (no amulet)
HPRegen 0.28/turn                (no ring)
MPRegen 0.11/turn                (no ring)

@: about to teleport, heroic
A: molten scales 1, condensation shield, demonic touch 2
a: Renounce Religion, Heroism


You were on level 4 of the Dungeon.
You worshipped Okawaru.
Okawaru was aware of your devotion.
You visited 1 branch of the dungeon, and saw 4 of its levels.

You collected 157 gold pieces.

Inventory:

Hand Weapons
 a - a +1 war axe of flaming (weapon)
 u - a +0 broad axe
Missiles
 e - a javelin
 h - 13 stones (quivered)
 k - 7 poisoned darts
Armour
 b - a +0 leather armour
 c - a +1 helmet (worn)
 f - a +0 scale mail (worn)
Wands
 r - a wand of light (8)
Scrolls
 g - a scroll of vulnerability
 i - a scroll of fear
 t - a scroll of immolation
Potions
 j - 2 potions of attraction
 l - 2 potions of haste {unknown}
 m - 2 potions of mutation {unknown}
 n - 6 potions of curing {unknown}
 o - 5 potions of heal wounds {unknown}
 p - a potion of magic {unknown}
 s - 2 potions of might {unknown}


   Skills:
 + Level 2.2(7.2) Fighting
 * Level 6.2(11.2) Axes
 - Level 3.0(8.0) Throwing
 + Level 0.6(5.6) Armour
 - Level 2.6(7.6) Dodging
 - Level 3.0 Invocations


You had 6 spell levels left.
You didn't know any spells.
Your spell library contained the following spells:

 Spells                   Type           Power      Damage    Failure   Level
 Apportation              Tloc           0%         N/A       77%         1
 Necrotise                Necr           0%         1d4       77%         1
 Ensorcelled Hibernation  Hex/Ice        0%         N/A       88%         2
 Passwall                 Tmut/Erth      0%         N/A       88%         2
 Swiftness                Air            0%         N/A       98%         3
 Borgnjor's Vile Clutch   Necr/Erth      0%         N/A       100%        5
 Summon Small Mammal      Summ           Unusable   N/A       N/A         1
 Animate Dead             Necr           Unusable   N/A       N/A         4
 Death Channel            Necr           Unusable   N/A       N/A         6

Dungeon Overview and Level Annotations

Branches:
Dungeon (4/15)             Temple (0/1) D:4

Altars:
Cheibriados
Okawaru
Yredelemnul

Annotations:
D:4 Duvessa


Innate Abilities, Weirdness & Mutations

You are partially covered in molten scales. (AC +2)
A meltable shield of frost defends you. (SH +4)
Your touch may inflict irresistible damage on your foes.


Message History

Duvessa hits you with a +5 vampiric rapier.
Duvessa draws strength from your wounds!
You take 15 damage, and have 22/50 hp.
MASSIVE DAMAGE!!
You closely miss Duvessa. Your punch misses Duvessa.
Duvessa is lightly wounded.
Duvessa hits you with a +5 vampiric rapier!
* * * LOW HITPOINT WARNING * * *
Duvessa draws strength from your wounds!
You take 8 damage, and have 14/50 hp.
You can't see any enemies this would affect, really read the scroll of fear?
Okay, then.
Unknown command.
Okay, then.
Unknown command.
Aiming: Bolt of Light
Press: ? - help, Shift-Dir - straight line, f/p - Duvessa
Aim: Duvessa, wielding a +5 vampiric rapier and wearing a +0 scale mail (berserk, 79% to hit)
The bolt of light hits Duvessa.
Duvessa is lightly wounded.
Duvessa is blinded.
Duvessa hits you with a +5 vampiric rapier.
* * * LOW HITPOINT WARNING * * *
You take 1 damage, and have 13/50 hp.
You block Duvessa's attack.
Duvessa hits you with a +5 vampiric rapier.
* * * LOW HITPOINT WARNING * * *
Duvessa draws strength from your wounds!
You take 2 damage, and have 11/50 hp.
Duvessa hits you with a +5 vampiric rapier.
* * * LOW HITPOINT WARNING * * *
Duvessa draws strength from your wounds!
You take 6 damage, and have 6/50 hp.
As you read the scroll of teleportation, it crumbles to dust.
You feel strangely unstable. Duvessa closely misses you.
Aiming: Bolt of Light
Press: ? - help, Shift-Dir - straight line, f/p - Duvessa
Aim: Duvessa, wielding a +5 vampiric rapier and wearing a +0 scale mail (berserk, blind, 79% to hit)
The bolt of light misses Duvessa.
Duvessa completely misses you.
Duvessa hits you with a +5 vampiric rapier!
You die...

# #.......(...# #.....#..... #
#...........#######.....#'#### #
#................######.....## #
#......).........# #.....#. #
##+##....).......# #.....#. #
#...........## #####.#. #
#...........###########.#. ####
########e...'..#...#..'.#.
#..######.....'.@..##.#...#.##.#.
#.......#.....#..<.##.#'''#.##.#.
.......########....##.......##.#.
.......##.....#....####...####.#.
.......'......#....# #.._..# #.#.
#..##..##.....#....# ##...## #.#.
#####'###.....'....# ##### #.#.
...#...#####'##....## #####.'.
...'...##.....#.....# #.....#.


You could see Duvessa (berserk, blind).

Vanquished Creatures
  The ghost of patfeehan111222 the Cudgeller, an amateur DrBe of Trog (D:4)
  A black bear (D:4)
  Dowan (D:4)
  A hound (D:4)
  A jelly (D:4)
  Terence (D:3)
  An iguana (D:4)
  A howler monkey zombie (D:4)
  Robin (D:4)
  2 adders
  3 worms
  A dart slug (D:4)
  5 orcs
  7 ball pythons
  A bat (D:1)
  5 endoplasms
  4 giant cockroaches
  18 goblins
  3 hobgoblins
  3 jackals (D:1)
  3 quokkas
  3 frilled lizards
  A jackal zombie (D:4)
  5 kobolds
  2 rats
75 creatures vanquished.

Notes
Turn   | Place    | Note
-------+----------+-------------------------------------------
     0 | D:1      | jasper the Demonspawn Gladiator began the quest for the
                  | Orb.
     0 | D:1      | Reached XP level 1. HP: 16/16 MP: 1/1
    59 | D:1      | Reached skill level 3 in Axes
    72 | D:1      | Gained mutation: You are partially covered in molten
                  | scales. (AC +2) [demonic ancestry]
    72 | D:1      | Reached XP level 2. HP: 21/22 MP: 2/2
   957 | D:2      | Gained mutation: A meltable shield of frost defends you.
                  | (SH +4) [demonic ancestry]
   957 | D:2      | Reached XP level 3. HP: 27/27 MP: 3/3
  1136 | D:2      | Reached skill level 4 in Axes
  1795 | D:3      | Noticed Terence
  1812 | D:3      | Killed Terence
  1813 | D:3      | Reached XP level 4. HP: 26/33 MP: 4/4
  1994 | D:3      | Found an iron altar of Okawaru.
  1995 | D:3      | Found a snail-covered altar of Cheibriados.
  1999 | D:3      | Became a worshipper of Warmaster Okawaru
  2273 | D:4      | Reached skill level 5 in Axes
  2352 | D:4      | Noticed a black bear
  2365 | D:4      | Killed a black bear
  2366 | D:4      | Gained mutation: Your touch may inflict minor irresistible
                  | damage on your foes. [demonic ancestry]
  2366 | D:4      | Reached XP level 5. HP: 36/38 MP: 5/5
  2392 | D:4      | Reached * piety under Okawaru
  2393 | D:4      | Reached skill level 6 in Axes
  2420 | D:4      | Noticed Robin
  2429 | D:4      | Killed Robin
  2430 | D:4      | Reached XP level 6. HP: 44/44 MP: 3/6
  2504 | D:4      | Reached skill level 1 in Invocations
  2526 | D:4      | Found a staircase to the Ecumenical Temple.
  2608 | D:4      | Identified the +0 dagger "Rolun" {drain, rF- rCorr Str+4
                  | Stlth+}
  2754 | D:4      | Identified the +8 dagger of the Fool {spect, rF+}
  2849 | D:4      | Identified the +5 mace of Zagho {pain, rPois rC+ Str-5}
  2958 | D:4      | Found a runed translucent gate.
  2958 | D:4      | Found a runed translucent gate.
  2958 | D:4      | Found a runed translucent gate.
  2958 | D:4      | Noticed patfeehan111222's ghost (amateur DrBe)
  2961 | D:4      | Found a basalt altar of Yredelemnul.
  2990 | D:4      | Killed patfeehan111222's ghost
  3204 | D:4      | Noticed Duvessa
  3204 | D:4      | Noticed Dowan
  3214 | D:4      | Killed Dowan
  3215 | D:4      | Gained mutation: Your touch may inflict irresistible damage
                  | on your foes. [demonic ancestry]
  3215 | D:4      | Reached XP level 7. HP: 42/50 MP: 9/9
  3228 | D:4      | Mangled by Duvessa

Illustrated notes

Levels and vault maps discovered:
D:1:      minmay_arrival_checkered_box, layout_basic, hex_tiny
D:2:      layout_loops_ring, corexii_corridor_pit, minmay_misc_feat_tower,
          minmay_hexomino_u4
D:3:      layout_rooms, nicolae_overflow_squiral, uniq_terence
D:4:      dreamdust_elfheim, layout_gridville, nicolae_yredelemnul_ghost_church,
          minmay_temple_entry_steel_oval, solitary_fountain, uniq_duvessa,
          uniq_robin

Skill      XL: |  1  2  3  4  5  6 |
---------------+-------------------+-----
Axes           | 3 4 5 6 |  6.2
Throwing       | 3 |  3.0
Invocations    | 3 |  3.0
Fighting       | |  2.2
Armour         | |  0.6
Dodging        | |  2.6

Action                     |  1- 3 |  4- 6 |  7- 9 || total
---------------------------+-------+-------+-------++-------
  Melee: War axe           |    83 |    75 |     4 ||   162
         Touch             |       |     6 |     1 ||     7
  Throw: Stone             |    19 |    34 |       ||    53
         Throwing net      |     1 |     3 |     1 ||     5
 Invoke: Heroism           |       |     2 |     1 ||     3
  Evoke: Wand              |       |       |     2 ||     2
    Use: Scroll            |     6 |     4 |     1 ||    11
   Stab: Held in net/web   |     1 |     1 |       ||     2
 Armour: Leather armour    |    26 |       |       ||    26
         Scale mail        |    13 |    21 |       ||    34
  Dodge: Dodged            |    37 |    38 |     3 ||    78
  Block: Other             |     4 |     7 |     4 ||    15

Table legend: (Time is in decaauts)
 A = Elapsed time spent in this place.
 B = Non-inter-level travel time spent in this place.
 C = Inter-level travel time spent in this place.
 D = Time resting spent in this place.
 E = Time spent auto-exploring this place.
 F = Levels seen in this place.
 G = Mean time per level.
                   A        B        C        D        E       F      G
               +--------+--------+--------+--------+--------+-----+--------+
         Total |   3263 |   3141 |    122 |    154 |   2346 |   4 |  815.8 |
       Dungeon |   3263 |   3141 |    122 |    154 |   2346 |   4 |  815.8 |
               +--------+--------+--------+--------+--------+-----+--------+

Top non-repeatable levels by time:
     D:4: 979 daAuts
     D:1: 966 daAuts
     D:2: 845 daAuts
     D:3: 472 daAuts
